 Dungeon Crawl Stone Soup version 0.29.1-1-gd02db6906a (webtiles) character file.

Game seed: 6196944348741392609

462 GandalfHyperdrive the Digger (level 7, -6/36 HPs)
             Began as a Gargoyle Earth Elementalist on Sept 19, 2022.
             Mangled by a two-headed ogre
             ... wielding a +0 giant spiked club
              (17 damage)
             ... on level 5 of the Dungeon.
             The game lasted 00:15:56 (3902 turns).

GandalfHyperdrive the Digger (GrEE)                 Turns: 3902, Time: 00:15:57

Health: -6/36      AC:  7    Str: 11    XL:     7   Next: 7%
Magic:  10/14      EV: 11    Int: 18    God:
Gold:   211        SH:  0    Dex: 10    Spells: 12/16 levels left

rFire   . . .      SeeInvis .   C - +2 morningstar
rCold   . . .      Faith    .   (no shield)
rNeg    + . .      Spirit   .   a - +0 robe
rPois   ∞          Reflect  .   (no helmet)
rElec   +          Harm     .   (no cloak)
rCorr   .          Rampage  .   (no gloves)
Will    .....                   k - +0 pair of boots
Stlth   ++........              (no amulet)
HPRegen 0.12/turn               w - ring of wizardry
MPRegen 0.14/turn               z - ring of Zubbusch {Fly rElec}

@: flying
A: sickness immunity, AC +4, negative energy resistance 1, electricity
resistance, torment resistance 1, petrification resistance
a: no special abilities


You were on level 5 of the Dungeon.
You visited 1 branch of the dungeon, and saw 5 of its levels.

You collected 211 gold pieces.

Inventory:

Hand Weapons
 l - a +0 dagger of venom
 C - a +2 morningstar (weapon)
Missiles
 e - 28 stones
 q - 3 throwing nets
Armour
 a - a +0 robe (worn)
 k - a +0 pair of boots (worn)
Jewellery
 w - a ring of wizardry (left hand)
 z - the ring of Zubbusch (right hand) {Fly rElec}
   (You found it on level 4 of the Dungeon)

   [ring of flight]

   rElec:     It insulates you from electricity.
   Fly:       It grants you flight.
Scrolls
 f - a scroll of brand weapon {unknown}
 g - 2 scrolls of vulnerability {unknown}
 h - 2 scrolls of identify {unknown}
 m - a scroll of enchant weapon {unknown}
 p - 4 scrolls of magic mapping {unknown}
 r - a scroll of blinking {unknown}
 s - a scroll of fear {unknown}
 t - a scroll of acquirement {unknown}
 v - 2 scrolls of teleportation {unknown}
 x - 2 scrolls of enchant armour {unknown}
 y - a scroll of summoning {unknown}
 A - 3 scrolls of fog {unknown}
 D - a scroll of amnesia {unknown}
Potions
 b - 3 potions of magic
 c - 2 potions of mutation {unknown}
 d - 2 potions of haste {unknown}
 i - a potion of might {unknown}
 j - a potion of lignification {unknown}
 n - a potion of curing {unknown}
 o - 3 potions of attraction {unknown}
 u - 3 potions of degeneration {unknown}
 B - a potion of heal wounds {unknown}


   Skills:
 - Level 1.5 Dodging
 - Level 2.1 Stealth
 + Level 5.0 Spellcasting
 - Level 0.7 Transmutations
 + Level 7.0 Earth Magic


You had 12 spell levels left.
You knew the following spells:

 Your Spells              Type           Power      Damage    Failure   Level
a - Sandblast             Erth           60%        2d14      1%          1
b - Stone Arrow           Conj/Erth      34%        3d9       4%          3

Your spell library contained the following spells:

 Spells                   Type           Power      Damage    Failure   Level
 Passwall                 Tmut/Erth      15%        N/A       1%          2
 Magic Dart               Conj           16%        1d3       5%          1
 Ensorcelled Hibernation  Hex/Ice        8%         N/A       9%          2
 Searing Ray              Conj           8%         2d4       9%          2
 Petrify                  Tmut/Erth      18%        N/A       11%         4
 Swiftness                Air            4%         N/A       16%         3
 Fulminant Prism          Conj/Hex       2%         3d6       45%         4


Dungeon Overview and Level Annotations

Branches:
Dungeon (5/15)
 Temple: D:4-7

Altars:
Dithmenos
Hepliaklqana
Uskayaw

Annotations:
D:5 4 runed translucent doors


Innate Abilities, Weirdness & Mutations

You are immune to sickness and miasma.
Your stone body is resilient. (AC +4)
You are immune to poison.
You resist negative energy. (rN+)
You are resistant to electric shocks. (rElec)
You are resistant to unholy torment.
You are immune to petrification.


Message History

You see here a +0 flail.
An adder comes into view.
The adder hisses angrily.
You hear two shouts!
You hear a shout!
A two-headed ogre comes into view.
It is wielding a +0 giant spiked club and a +0 giant club.
Casting: Sandblast (safe; 1% risk of failure)
Confirm with . or Enter, or press ? or * to list all spells.
Aiming: Sandblast (safe; 1% risk of failure)
Press: ? - help, Shift-Dir - straight line, f - adder
Aim: an adder (72% to hit)
The blast of sand misses the adder.
Casting: Sandblast (safe; 1% risk of failure)
Confirm with . or Enter, or press ? or * to list all spells.
Aiming: Sandblast (safe; 1% risk of failure)
Press: ? - help, Shift-Dir - straight line, f/p - adder
Aim: an adder (72% to hit)
The blast of sand hits the adder.
The adder is heavily wounded.
The adder completely misses you. x2
Casting: Sandblast (safe; 1% risk of failure)
Confirm with . or Enter, or press ? or * to list all spells.
Aiming: Sandblast (safe; 1% risk of failure)
Press: ? - help, Shift-Dir - straight line, f - two-headed ogre, p - adder
Aim: a two-headed ogre, wielding a +0 giant spiked club and a +0 giant club (92% to hit)
The blast of sand hits the adder!
You kill the adder!
A jelly comes into view.
The jelly jiggles.
The two-headed ogre hits you with a +0 giant spiked club!
The two-headed ogre closely misses you.
Your Spellcasting skill increases to level 5!
Casting: Sandblast (safe; 1% risk of failure)
Confirm with . or Enter, or press ? or * to list all spells.
Aiming: Sandblast (safe; 1% risk of failure)
Press: ? - help, Shift-Dir - straight line, f/p - two-headed ogre
Aim: a two-headed ogre, wielding a +0 giant spiked club and a +0 giant club (92% to hit)
The blast of sand hits the two-headed ogre!
The two-headed ogre is moderately wounded.
The two-headed ogre hits you with a +0 giant spiked club!
The two-headed ogre hits you with a +0 giant club!
You die...

#..#8....8#.#
#..+......+.#
#..+c.....+.##
##..#8....8#..####
##...##8(|8##.....#
##.....######.......
#..###'# #+###..#
#.##.#.# ##.#
#.#@#)## #.# #.#O###
#.. #.#J# #.# #.#.#
#.# #.##. ##.. #.. #
######... ##.
......... #
#..#####. . #.


You could see a two-headed ogre and a jelly.

Vanquished Creatures
  3 wights (D:4)
  A jelly (D:5)
  An orc wizard (D:3)
  14 gnolls
  4 adders
  A worm (D:2)
  3 dart slugs
  8 orcs
  4 ball pythons
  10 endoplasms
  3 giant cockroaches
  5 goblins
  A hobgoblin (D:2)
  5 quokkas
  7 bats
  A frilled lizard (D:2)
  5 kobolds
  4 rats
80 creatures vanquished.

Notes
Turn   | Place    | Note
-------+----------+-------------------------------------------
     0 | D:1      | GandalfHyperdrive the Gargoyle Earth Elementalist began the
                  | quest for the Orb.
     0 | D:1      | Reached XP level 1. HP: 10/10 MP: 3/3
   257 | D:1      | Reached XP level 2. HP: 15/15 MP: 3/5
   278 | D:1      | Reached skill level 4 in Earth Magic
   517 | D:1      | Found a faded altar of an unknown god.
   955 | D:2      | Reached XP level 3. HP: 19/19 MP: 3/6
  1407 | D:2      | Reached XP level 4. HP: 15/24 MP: 4/8
  1411 | D:2      | Reached skill level 5 in Earth Magic
  1967 | D:3      | Reached XP level 5. HP: 28/28 MP: 3/10
  2331 | D:3      | Found a hazy altar of Hepliaklqana.
  2452 | D:3      | Found a shadowy altar of Dithmenos.
  2698 | D:3      | Reached skill level 6 in Earth Magic
  2923 | D:4      | Found a hide-covered altar of Uskayaw.
  2925 | D:4      | Identified the ring of Zubbusch {Fly rElec}
  2934 | D:4      | Learned a level 3 spell: Stone Arrow
  3136 | D:4      | Reached XP level 6. HP: 32/32 MP: 10/12
  3797 | D:5      | Entered Level 5 of the Dungeon
  3834 | D:5      | Found a large runed translucent door.
  3834 | D:5      | Found a large runed translucent door.
  3836 | D:5      | Noticed a yak
  3836 | D:5      | Noticed a troll
  3850 | D:5      | Found a large runed translucent door.
  3850 | D:5      | Found a large runed translucent door.
  3857 | D:5      | Reached skill level 7 in Earth Magic
  3857 | D:5      | Reached XP level 7. HP: 36/36 MP: 12/14
  3898 | D:5      | Noticed a two-headed ogre
  3902 | D:5      | Reached skill level 5 in Spellcasting
  3902 | D:5      | Mangled by a two-headed ogre

Illustrated notes

Levels and vault maps discovered:
D:1:      tarquinn_simple_flora_water_a, layout_rooms,
          ebering_ecumenical_altar_ruins, hangedman_decor_diamond_cutter
D:2:      minmay_spotlight, layout_rooms
D:3:      layout_loops_ring, mainiacjoe_overflow_24_doors,
          nicolae_dithmenos_shadow_blocks
D:4:      layout_basic, old_standard_altar
D:5:      black_bear_nest_1, layout_rooms, minmay_hollow_rounded_squares,
          uniq_sigmund

Skill      XL: |  1  2  3  4  5  6  7 |
---------------+----------------------+-----
Earth Magic    | 4 5 6 7 |  7.0
Spellcasting   | 3 4 5 |  5.0
Dodging        | |  1.5
Stealth        | |  2.1
Transmutations | |  0.7

Action                   |  1- 3 |  4- 6 |  7- 9 || total
-------------------------+-------+-------+-------++-------
Melee: Unarmed           |    24 |       |       ||    24
       Dagger            |     1 |    17 |       ||    18
       Morningstar       |       |     1 |       ||     1
 Cast: Sandblast         |    42 |    72 |     5 ||   119
       Stone Arrow       |       |     1 |       ||     1
Armor: Robe              |    25 |    23 |       ||    48
Dodge: Dodged            |    34 |    36 |     3 ||    73
